 Dungeon Crawl Stone Soup version 0.29.1-12-g30fa7ad0bf (webtiles) character file.

Game seed: 14444336614477088224

213 Descartes the Ducker (level 5, 0/25 HPs)
             Began as a Spriggan Wanderer on Dec 16, 2022.
             Slain by an iguana (7 damage)
             ... on level 4 of the Dungeon.
             The game lasted 00:04:37 (3810 turns).

Descartes the Ducker (Spriggan Wanderer)            Turns: 3810, Time: 00:04:37

Health: 0/25       AC:  2    Str:  8    XL:     5   Next: 59%
Magic:  6/6        EV: 20    Int: 12    God:
Gold:   138        SH:  0    Dex: 18    Spells: 1/4 levels left

rFire   + . .      SeeInvis +   a - +2 short sword
rCold   + . .      Faith    .   (no shield)
rNeg    . . .      Spirit   .   e - +0 robe
rPois   .          Reflect  .   c - +0 hat
rElec   .          Harm     .   v - scarf {rC+ rF+}
rCorr   .          Rampage  .   (gloves unavailable)
Will    .....                   (boots unavailable)
Stlth   +++.......              (no amulet)
HPRegen 0.08/turn               (no ring)
MPRegen 0.10/turn               (no ring)

@: very quick
A: very small, no large weapons, unfitting armour, see invisible, speed 3
a: no special abilities


You were on level 4 of the Dungeon.
You visited 1 branch of the dungeon, and saw 4 of its levels.

You collected 138 gold pieces.

Inventory:

Hand Weapons
 a - a +2 short sword (weapon)
Missiles
 g - 3 poisoned darts (quivered)
 k - 25 stones
Armour
 c - a +0 hat (worn)
 e - a +0 robe (worn)
 v - a scarf of resistance (worn)
Wands
 t - a wand of acid (13)
Scrolls
 b - a scroll of torment {unknown}
 d - a scroll of blinking
 j - 2 scrolls of fog {unknown}
 n - 2 scrolls of immolation {unknown}
 o - a scroll of enchant weapon {unknown}
 p - a scroll of identify {unknown}
 q - 2 scrolls of teleportation {unknown}
 s - a scroll of enchant armour {unknown}
Potions
 f - 4 potions of mutation {unknown}
 h - a potion of brilliance {unknown}
 i - a potion of might {unknown}
 l - a potion of heal wounds {unknown}
 m - 2 potions of curing {unknown}
 r - 2 potions of magic {unknown}
 u - a potion of ambrosia {unknown}


   Skills:
 - Level 1.5 Fighting
 + Level 4.8 Short Blades
 - Level 2.0 Ranged Weapons
 + Level 5.8 Dodging
 + Level 4.7 Stealth


You had one spell level left.
You knew the following spells:

 Your Spells              Type           Power      Damage    Failure   Level
a - Sandblast             Erth           0%         2d4       32%         1
b - Passwall              Tmut/Erth      0%         N/A       45%         2

Your spell library contained the following spells:

 Spells                   Type           Power      Damage    Failure   Level
 Summon Small Mammal      Summ           0%         N/A       32%         1
 Call Canine Familiar     Summ           0%         N/A       69%         3
 Summon Guardian Golem    Hex/Summ       0%         N/A       69%         3
 Ice Form                 Ice/Tmut       0%         N/A       97%         4
 Eringya's Noxious Bog    Tmut/Pois      0%         N/A       100%        6
 Malign Gateway           Summ/Tloc      0%         N/A       100%        7
 Storm Form               Tmut/Air       0%         N/A       100%        7
 Summon Horrible Things   Summ           0%         N/A       100%        8


Dungeon Overview and Level Annotations

Branches:
Dungeon (4/15)
 Temple: D:4-7

Altars:

Shops:
D:1 [

Annotations:
D:3 2 transporters, daba11's ghost, amateur MiFi


Innate Abilities, Weirdness & Mutations

You are very small and have problems with some larger weapons.
You are too small for most types of armour.
You have supernaturally acute eyesight. (SInv)
You cover ground extremely quickly. (Speed+++)


Message History

The iguana is moderately wounded.
You hit the iguana but do no damage.
The iguana is moderately wounded.
The iguana bites you.
An iguana is nearby!
You hit the iguana but do no damage.
The iguana is moderately wounded.
The iguana bites you. The iguana barely misses you.
You barely miss the iguana.
The iguana is moderately wounded.
The iguana closely misses you.
You hit the iguana.
The iguana is heavily wounded.
The iguana bites you.
You barely miss the iguana.
The iguana is heavily wounded.
The iguana barely misses you.
You hit the iguana.
The iguana is severely wounded.
The iguana completely misses you.
You hit the iguana but do no damage.
The iguana is severely wounded.
The iguana misses you.
You barely miss the iguana.
The iguana is severely wounded.
The iguana bites you.
* * * LOW HITPOINT WARNING * * *
You hit the iguana.
The iguana is severely wounded.
The iguana completely misses you.
You hit the iguana.
The iguana is almost dead.
You hit the iguana but do no damage.
The iguana is almost dead.
The iguana barely misses you.
You hit the iguana but do no damage.
The iguana is almost dead.
The iguana bites you!
You die...

#.##.####### # #....#
# ####.# # #.# # #.#
#### #.# #... #.# #.##
########### #.# #.#
J.......@l## #.# #.#
~≈~≈~~~~~≈~# #.#
≈≈~~~≈~~~~~# #.#
..........## #.# ###
######.### #†# .)##
##..###.## .######.##
##.#### ##.##..##.##
.........#
###...###.########.#.#
.######..#
##.###.#.#.###...#.#.#
.#....#..#


You could see an iguana.

Vanquished Creatures
  A bullfrog (D:4)
  A gnoll bouda (D:4)
  3 gnolls (D:4)
  An adder (D:3)
  An ufetubus (D:4)
  2 worms (D:2)
  4 dart slugs
  An orc (D:4)
  12 ball pythons
  4 endoplasms
  3 giant cockroaches
  5 goblins
  7 hobgoblins
  5 quokkas
  3 bats
  4 frilled lizards
  A kobold (D:1)
  10 rats
68 creatures vanquished.

Notes
Turn   | Place    | Note
-------+----------+-------------------------------------------
     0 | D:1      | Descartes the Spriggan Wanderer began the quest for the
                  | Orb.
     0 | D:1      | Descartes set off with the following items: a +2 short
                  | sword, a +0 sling, a +0 hat, a scroll of blinking, a +0
                  | robe.
     0 | D:1      | Reached XP level 1. HP: 10/10 MP: 2/2
    69 | D:1      | Got the Discourse on Ashen Reformation
   131 | D:1      | Reached skill level 1 in Stealth
   339 | D:1      | Reached XP level 2. HP: 10/14 MP: 3/3
   716 | D:1      | Found Remusois's Antique Armour Boutique.
   859 | D:1      | Reached XP level 3. HP: 16/18 MP: 4/4
  2381 | D:2      | Reached skill level 5 in Dodging
  2440 | D:3      | Found a transporter.
  2445 | D:3      | Noticed daba11's ghost (amateur MiFi)
  2522 | D:3      | Found a transporter.
  2548 | D:3      | Reached XP level 4. HP: 16/22 MP: 5/5
  3152 | D:3      | Learned a level 1 spell: Sandblast
  3160 | D:3      | Learned a level 2 spell: Passwall
  3259 | D:4      | Noticed a bullfrog
  3270 | D:4      | Killed a bullfrog
  3271 | D:4      | Reached XP level 5. HP: 25/25 MP: 6/6
  3810 | D:4      | Slain by an iguana

Illustrated notes

Levels and vault maps discovered:
D:1:      wheals_arrival_shading, layout_basic, serial_shops,
          nicolae_shop_advertising_works [nicolae_subvault_shop_adworks],
          amcnicky_mini_rare_corridor_liquid, minmay_domino_2
D:2:      layout_basic, serial_corexii_hall, corexii_hall_statues_l,
          corexii_hall_statues_deadend, st_stairs_2, uniq_crazy_yiuf_cottage
D:3:      layout_loops_ring, gammafunk_ghost_stat_death
D:4:      wad_river_or_something, layout_basic, uniq_natasha

Skill      XL: |  1  2  3  4 |
---------------+-------------+-----
Stealth        | 1 2 3 4 |  4.7
Short Blades   | 4 |  4.8
Dodging        | 5 |  5.8
Fighting       | |  1.5
Ranged Weapons | |  2.0

Action                   |  1- 3 |  4- 6 || total
-------------------------+-------+-------++-------
Melee: Short sword       |   144 |    89 ||   233
       Punch             |     1 |       ||     1
 Stab: Sleeping          |    13 |     6 ||    19
Armor: Robe              |     9 |     2 ||    11
Dodge: Dodged            |   107 |    60 ||   167
